AoeStats
← 'Rhythm_' = idiot

Arena

510407910Analyzed
4v4 RM · 1d ago on Sep 30, 2026· 58m 4s· 8 players
Game mode
Random Map
Map size
Large (8 player)
Population
200
Speed
Normal
Resources
Standard
Victory
Conquest
Starting age
Dark Age
Ending age
Imperial Age
RankedLock teamsTeams togetherTeam positionsShared explorationLock speedFull tech treeHidden civsTurbo modeCheats
Victory
Defeat
🇺🇸 Teutons · United States
1638
+7
🇩🇰 Danes · Denmark
1511
+11
🇮🇳 Vietnamese · India
1334
+18
🇺🇸 Persians · United States
1322
+19
🇨🇳 Danes · China
1424
-15
🇺🇸 Chinese · United States
1409
-14
🇻🇪 Italians · Venezuela
1386
-13
🇨🇦 Hindustanis · Canada
1384
-13
The Daunting Knight
0:26 Loom
8:48 Feudal Age
10:20 Stone Mining
10:50 Fletching
25:11 Gold Mining
30:07 Castle Age
34:27 Horse Collar
34:35 Double-Bit Axe
38:16 Bow Saw
41:51 Fortified Wall
44:17 Pikeman
44:57 Squires
44:42 Arson
45:53 Wheelbarrow
48:04 Imperial Age
50:09 Scale Mail Armor
50:19 Forging
50:03 Halberdier
51:48 Chain Mail Armor
52:08 Hand Cart
52:46 Iron Casting
Corsica
10:55 Feudal Age
14:25 Castle Age
12:12 Double-Bit Axe
12:16 Horse Collar
15:29 Bow Saw
23:36 Fletching
24:54 Scale Barding Armor
25:00 Forging
25:24 Bodkin Arrow
25:34 Padded Archer Armor
25:37 Gold Mining
25:29 Elite Skirmisher
25:52 Crossbowman
27:22 Ballistics
30:06 Loom
30:07 Town Watch
31:33 Gold Shaft Mining
30:51 Stone Mining
31:54 Wheelbarrow
38:41 Imperial Age
36:54 Thumb Ring
37:06 Leather Archer Armor
38:23 Hand Cart
38:25 Masonry
38:53 Heavy Plow
40:24 Chemistry
40:35 Bracer
41:08 Ring Archer Armor
41:11 Shatagni
48:13 Caravan
49:43 Two-Man Saw
51:16 Scale Barding Armor
51:21 Forging
51:32 Siege Engineers
51:39 Masonry
53:24 Bracer
Todas Mienten
10:53 Feudal Age
11:48 Double-Bit Axe
14:29 Castle Age
12:42 Horse Collar
16:55 Forging
16:57 Bow Saw
16:49 Heavy Plow
25:05 Fletching
26:28 Wheelbarrow
25:38 Town Watch
26:18 Guard Tower
26:25 Bodkin Arrow
26:07 Crossbowman
27:35 Ballistics
30:14 Imperial Age
28:17 Gold Mining
28:18 Stone Mining
29:47 Thumb Ring
29:43 Padded Archer Armor
32:01 Chemistry
31:02 Bracer
31:18 Leather Archer Armor
30:41 Elite Skirmisher
30:43 Arbalester
32:29 Illumination
32:19 Block Printing
32:38 Hand Cart
32:50 Conscription
32:08 Elite Skirmisher
33:52 Ring Archer Armor
36:57 Coinage
36:37 Guilds
36:28 Caravan
36:49 Silk Road
37:05 Hoardings
37:39 Redemption
38:52 Banking
41:00 Theocracy
42:24 Scale Barding Armor
42:19 Scale Mail Armor
44:44 Murder Holes
45:00 Masonry
44:30 Treadmill Crane
55:12 Man-at-Arms
55:53 Squires
56:09 Chain Mail Armor
56:29 Iron Casting
56:19 Long Swordsman
56:19 Pikeman
56:45 Arson
57:31 Plate Mail Armor
57:10 Two-Handed Swordsman
'Rhythm_' = idiot
10:05 Feudal Age
10:50 Double-Bit Axe
13:50 Castle Age
12:06 Horse Collar
16:09 Wheelbarrow
18:53 Loom
21:57 Bow Saw
22:56 Hand Cart
27:07 Gold Mining
27:08 Stone Mining
27:19 Heavy Plow
30:52 Imperial Age
30:10 Scale Mail Armor
30:20 Forging
29:32 Hamask
29:55 Pikeman
30:35 Squires
31:18 Chain Mail Armor
31:09 Halberdier
31:11 Onager
32:39 Siege Engineers
32:46 Northmen's Fury
34:17 Plate Mail Armor
36:31 Iron Casting
36:43 Conscription
36:31 Guard Tower
36:20 Siege Onager
40:07 Blast Furnace
39:38 Fletching
39:49 Padded Archer Armor
40:27 Keep
40:29 Arson
45:51 Coinage
49:32 Masonry
49:44 Ballistics
49:09 Arrowslits
50:25 Chemistry
49:20 Bodkin Arrow
53:39 Capped Ram
Jaxto
6:08 Loom
8:28 Feudal Age
9:37 Fletching
10:15 Double-Bit Axe
27:30 Castle Age
25:17 Horse Collar
28:10 Bodkin Arrow
29:07 Guard Tower
29:46 Gold Mining
30:08 Bow Saw
31:47 Ballistics
35:06 Stone Mining
41:53 Imperial Age
42:02 Scale Barding Armor
42:08 Forging
44:11 Wheelbarrow
43:49 Town Watch
45:18 Chemistry
43:52 Cavalier
45:14 Bloodlines
47:22 Conscription
46:29 Paladin
47:22 Siege Engineers
48:29 Two-Man Saw
50:59 Iron Casting
51:30 Keep
50:41 Arrowslits
51:57 Padded Archer Armor
52:27 Masonry
51:43 Capped Ram
52:34 Heavy Plow
54:05 Hand Cart
55:39 Crop Rotation
55:27 Leather Archer Armor
55:34 Chain Barding Armor
57:04 Elite Skirmisher
sesquipedalia
10:04 Feudal Age
14:43 Castle Age
13:04 Double-Bit Axe
13:29 Horse Collar
15:51 Bow Saw
20:13 Wheelbarrow
19:26 Loom
22:04 Hand Cart
23:40 Heavy Plow
24:08 Gold Mining
24:09 Stone Mining
25:41 Gold Shaft Mining
27:18 Stone Shaft Mining
27:20 Scale Barding Armor
27:25 Forging
30:28 Imperial Age
29:54 Chain Barding Armor
30:09 Iron Casting
29:49 Town Watch
30:30 Ballistics
31:25 Plate Barding Armor
30:59 Cavalier
32:00 Bloodlines
32:53 Blast Furnace
32:14 Citadels
32:13 Husbandry
32:54 Savar
37:06 Light Cavalry
38:03 Scale Mail Armor
39:04 Two-Man Saw
38:35 Crop Rotation
39:09 Chemistry
38:20 Masonry
38:27 Caravan
38:49 Kamandaran
39:41 Crossbowman
40:27 Thumb Ring
40:13 Fletching
40:24 Padded Archer Armor
41:06 Conscription
43:00 Hussar
44:05 Capped Ram
45:28 Siege Ram
49:12 Bodkin Arrow
49:32 Leather Archer Armor
52:05 Murder Holes
52:41 Architecture
Lord Longshaft
12:03 Feudal Age
13:06 Double-Bit Axe
13:13 Horse Collar
13:26 Gold Mining
13:30 Stone Mining
16:57 Castle Age
16:38 Forging
21:45 Squires
23:21 Scale Mail Armor
24:01 Loom
25:31 Fletching
26:33 Chain Mail Armor
26:52 Arson
30:03 Town Watch
30:55 Bodkin Arrow
37:43 Imperial Age
37:56 Coinage
37:18 Hamask
38:13 Gold Mining
39:01 Stone Shaft Mining
39:03 Plate Mail Armor
40:26 Wheelbarrow
40:45 Iron Casting
39:37 Capped Ram
42:58 Blast Furnace
42:47 Conscription
44:00 Bow Saw
43:55 Heavy Plow
44:42 Bracer
44:42 Padded Archer Armor
48:42 Chemistry
48:06 Thumb Ring
47:53 Cranequins
49:09 Leather Archer Armor
49:41 Siege Engineers
49:56 Ballistics
49:52 Bloodlines
49:42 Husbandry
49:09 Elite Skirmisher
50:38 Banking
50:36 Imperial Skirmisher
52:20 Ring Archer Armor
52:08 Hand Cart
51:39 Heavy Mounted Crossbowman
53:37 Northmen's Fury
55:29 Masonry
56:28 Hoardings
KingShark
9:42 Loom
11:34 Feudal Age
16:03 Castle Age
15:53 Double-Bit Axe
15:53 Horse Collar
21:12 Fletching
23:55 Bodkin Arrow
24:02 Padded Archer Armor
26:05 Ballistics
30:55 Imperial Age
30:13 Wheelbarrow
32:37 Chemistry
32:13 Bow Saw
32:47 Gold Mining
35:53 Elite Rattan Archer
37:06 Bracer
37:22 Leather Archer Armor
38:42 Thumb Ring
37:58 Elite Skirmisher
46:43 Ring Archer Armor
48:03 Imperial Skirmisher
Connection lost

Rejoining the realm…

Still unreachable

The connection could not be restored.

Session expired

The server has moved on; the page needs a fresh start.